SNL (28 & UNDER)
BLACKIRON DRAGONS @ GAINESVILLE GUIDOS
05/01/2026
 
TOP OF THE 1ST
BlackIron Dragons batting - Pitching for Gainesville Guidos : RHP Ronald Adams
Pitching: RHP Ronald Adams
Batting: RHB José Colón 0-0: Ball
1-0: Foul Ball, location: 2F
1-1: Ball
2-1: Called Strike
2-2: Ball
3-2: Strikes out swinging
Batting: RHB Boyd Pittman 0-0: Ball
1-0: Swinging Strike
1-1: Foul Ball, location: 2F
1-2: Ball
2-2: Strikes out swinging
Batting: RHB Gil Palmer 0-0: Ball
1-0: Ball
2-0: Swinging Strike
2-1: Foul Ball, location: 2F
2-2: Ball
3-2: Strikes out swinging
Top of the 1st over - 0 run(s), 0 hit(s), 0 error(s), 0 left on base; BlackIron 0 - Gainesville 0
BOTTOM OF THE 1ST
Gainesville Guidos batting - Pitching for BlackIron Dragons : RHP Fernando Mendoza
Pitching: RHP Fernando Mendoza
Batting: RHB Kyle O'Day 0-0: Ball
1-0: Fly out, F7 (Flyball, 78M)
Batting: RHB John Little 0-0: Ball
1-0: Ground out 6-3 (Groundball, 6)
Batting: LHB Ed Murray 0-0: Ball
1-0: Ball
2-0: Ball
3-0: Called Strike
3-1: Base on Balls
Batting: LHB António Cedeño 0-0: Ball
1-0: Ground out U3 (Groundball, 3L)
Bottom of the 1st over - 0 run(s), 0 hit(s), 0 error(s), 1 left on base; BlackIron 0 - Gainesville 0
TOP OF THE 2ND
BlackIron Dragons batting - Pitching for Gainesville Guidos : RHP Ronald Adams
Batting: LHB Culley Vaughan 0-0: Ball
1-0: Called Strike
1-1: Foul Ball, location: 2F
1-2: Ball
2-2: Fly out, F6 (Popup, 6D)
Batting: RHB Preston MacLyan 0-0: Ground out 6-3 (Groundball, 6)
Batting: RHB Frank Maxwell 0-0: Called Strike
0-1: Called Strike
0-2: Ball
1-2: DOUBLE (Popup, 6D)
Batting: RHB Mark Arnold 0-0: Swinging Strike
0-1: Ball
1-1: Called Strike
1-2: Ball
2-2: Ball
3-2: Strikes out swinging
Top of the 2nd over - 0 run(s), 1 hit(s), 0 error(s), 1 left on base; BlackIron 0 - Gainesville 0
BOTTOM OF THE 2ND
Gainesville Guidos batting - Pitching for BlackIron Dragons : RHP Fernando Mendoza
Batting: LHB Mark Owens 0-0: Called Strike
0-1: Ball
1-1: Ball
2-1: SINGLE (Groundball, 34D)
Batting: RHB Lynn Ford 0-0: Ball
1-0: Fly out, F4 (Popup, 4)
Batting: RHB Alfredo Díaz 0-0: Ball
1-0: Grounds into double play, U4-3 (Groundball, 4)
Bottom of the 2nd over - 0 run(s), 1 hit(s), 0 error(s), 0 left on base; BlackIron 0 - Gainesville 0
TOP OF THE 3RD
BlackIron Dragons batting - Pitching for Gainesville Guidos : RHP Ronald Adams
Batting: RHB Doug O'Brien 0-0: Ball
1-0: Swinging Strike
1-1: Called Strike
1-2: Ball
2-2: Strikes out swinging
Batting: RHB Eugene Payne 0-0: Called Strike
0-1: Called Strike
0-2: Ball
1-2: Ball
2-2: Ball
3-2: Ground out 6-3 (Groundball, 6)
Batting: RHB José Colón 0-0: Ball
1-0: Fly out, F7 (Flyball, 7M)
Top of the 3rd over - 0 run(s), 0 hit(s), 0 error(s), 0 left on base; BlackIron 0 - Gainesville 0
BOTTOM OF THE 3RD
Gainesville Guidos batting - Pitching for BlackIron Dragons : RHP Fernando Mendoza
Batting: RHB José Ortega 0-0: Called Strike
0-1: Ball
1-1: Ball
2-1: Foul Ball, location: 2F
2-2: SINGLE (Groundball, 56)
Batting: RHB Juan Reyes 0-0: Ball
1-0: Ball
2-0: SINGLE (Line Drive, 89S)
José Ortega to second
Batting: RHB Kyle O'Day 0-0: Foul Ball, location: 2F
0-1: Foul Ball, location: 2F
0-2: Strikes out swinging
Batting: RHB John Little 0-0: Called Strike
0-1: Fly out, F5 (Popup, 5F)
Batting: LHB Ed Murray 0-0: Ground out 4-3 (Groundball, 4)
Bottom of the 3rd over - 0 run(s), 2 hit(s), 0 error(s), 2 left on base; BlackIron 0 - Gainesville 0
TOP OF THE 4TH
BlackIron Dragons batting - Pitching for Gainesville Guidos : RHP Ronald Adams
Batting: RHB Boyd Pittman 0-0: Called Strike
0-1: Ball
1-1: Ground out 4-3 (Groundball, 4M)
Batting: RHB Gil Palmer 0-0: Ball
1-0: Foul Ball, location: 2F
1-1: Foul Ball, location: 2F
1-2: Ball
2-2: SINGLE (Line Drive, 7LS)
Batting: LHB Culley Vaughan 0-0: Ball
1-0: Called Strike
Gil Palmer steals 2nd base
1-1: Ball
2-1: Ball
3-1: Called Strike
3-2: Foul Ball, location: 2F
3-2: SINGLE (Line Drive, 56)
Gil Palmer to third
Batting: RHB Preston MacLyan 0-0: Ball
1-0: Grounds into double play, 5-4-3 (Groundball, 56)
Top of the 4th over - 0 run(s), 2 hit(s), 0 error(s), 1 left on base; BlackIron 0 - Gainesville 0
BOTTOM OF THE 4TH
Gainesville Guidos batting - Pitching for BlackIron Dragons : RHP Fernando Mendoza
Batting: LHB António Cedeño 0-0: Ground out 4-3 (Groundball, 13)
Batting: LHB Mark Owens 0-0: Foul Ball, location: 2F
0-1: Swinging Strike
0-2: Strikes out looking
Batting: RHB Lynn Ford 0-0: Foul Ball, location: 2F
0-1: Ball
1-1: Called Strike
1-2: Strikes out swinging
Bottom of the 4th over - 0 run(s), 0 hit(s), 0 error(s), 0 left on base; BlackIron 0 - Gainesville 0
TOP OF THE 5TH
BlackIron Dragons batting - Pitching for Gainesville Guidos : RHP Ronald Adams
Batting: RHB Frank Maxwell 0-0: TRIPLE (Groundball, 3L)
Batting: RHB Mark Arnold 0-0: Ball
1-0: Foul Ball, location: 2F
1-1: Foul Ball, location: 2F
1-2: Ground out 5-3 (Groundball, 56S)
Frank Maxwell scores
Batting: RHB Doug O'Brien 0-0: Swinging Strike
0-1: Ground out 6-3 (Groundball, 6M)
Batting: RHB Eugene Payne 0-0: Ball
1-0: Ball
2-0: Ball
3-0: Called Strike
3-1: Fly out, F9 (Line Drive, 89S)
Top of the 5th over - 1 run(s), 1 hit(s), 0 error(s), 0 left on base; BlackIron 1 - Gainesville 0
BOTTOM OF THE 5TH
Gainesville Guidos batting - Pitching for BlackIron Dragons : RHP Fernando Mendoza
Batting: RHB Alfredo Díaz 0-0: Swinging Strike
0-1: Ball
1-1: Ball
2-1: Ball
3-1: Base on Balls
Batting: RHB José Ortega 0-0: Called Strike
0-1: Ball
1-1: Ball
2-1: Foul Ball, location: 2F
2-2: Ball
3-2: Base on Balls
Alfredo Díaz to second
Batting: RHB Juan Reyes 0-0: Called Strike
0-1: Called Strike
0-2: Ball
1-2: SINGLE (Line Drive, 78M)
Alfredo Díaz to third
José Ortega to second
Batting: RHB Kyle O'Day 0-0: Ball
1-0: Ball
2-0: Swinging Strike
2-1: Foul Ball, location: 2F
2-2: Foul Ball, location: 2F
2-2: Strikes out looking
Batting: RHB John Little 0-0: Ball
1-0: Ball
2-0: Called Strike
2-1: Ball
3-1: Base on Balls
Alfredo Díaz scores
José Ortega to third
Juan Reyes to second
Batting: LHB Ed Murray 0-0: Ball
1-0: Ball
Passed Ball!
José Ortega scores
Juan Reyes to third
John Little to second
2-0: Ball
3-0: Called Strike
3-1: Base on Balls
Batting: LHB António Cedeño 0-0: Ball
1-0: SINGLE (Groundball, 34)
Juan Reyes scores
John Little to third
Ed Murray to second
Runner from 3rd tries for Home, SAFE, throw made home
Batting: LHB Mark Owens 0-0: Called Strike
Ed Murray steals 3rd base
António Cedeño to second
0-1: Ball
1-1: Intentional Walk
Batting: RHB Lynn Ford 0-0: Called Strike
0-1: Ball
1-1: Fly out, F8 (Flyball, 8LM)
Runner from 3rd tags up, SCORES, no throw
Batting: RHB Alfredo Díaz 0-0: Called Strike
0-1: Ball
1-1: Reached on error, E5 (Groundball, 5)
António Cedeño to third
Mark Owens to second
Batting: RHB José Ortega 0-0: Called Strike
0-1: Ball
1-1: Ground out 5-3 (Groundball, 5S)
Bottom of the 5th over - 5 run(s), 2 hit(s), 1 error(s), 3 left on base; BlackIron 1 - Gainesville 5
TOP OF THE 6TH
BlackIron Dragons batting - Pitching for Gainesville Guidos : RHP Ronald Adams
Batting: RHB José Colón 0-0: Called Strike
0-1: Swinging Strike
0-2: Fly out, F7 (Flyball, 78S)
Batting: RHB Boyd Pittman 0-0: Ball
1-0: Called Strike
1-1: Ball
2-1: Ball
3-1: Ground out U3 (Groundball, 3)
Batting: RHB Gil Palmer 0-0: Foul Ball, location: 2F
0-1: SOLO HOME RUN (Flyball, 7D), Distance : 356 ft
Batting: LHB Culley Vaughan 0-0: Called Strike
0-1: Called Strike
0-2: Ball
1-2: Ground out 6-3 (Groundball, 6M)
Top of the 6th over - 1 run(s), 1 hit(s), 0 error(s), 0 left on base; BlackIron 2 - Gainesville 5
BOTTOM OF THE 6TH
Gainesville Guidos batting - Pitching for BlackIron Dragons : RHP Fernando Mendoza
Pitching: RHP Bret McJannett
Batting: RHB Juan Reyes 0-0: Called Strike
0-1: Ground out 4-3 (Groundball, 4M)
Batting: RHB Kyle O'Day 0-0: Fly out, F3 (Popup, 3SF)
Batting: RHB John Little 0-0: Called Strike
0-1: Ground out 5-3 (Groundball, 5S)
Bottom of the 6th over - 0 run(s), 0 hit(s), 0 error(s), 0 left on base; BlackIron 2 - Gainesville 5
TOP OF THE 7TH
BlackIron Dragons batting - Pitching for Gainesville Guidos : RHP Ronald Adams
Batting: RHB Preston MacLyan 0-0: Ball
Single, Error in OF, E7, batter to second base
Batting: RHB Frank Maxwell 0-0: Called Strike
0-1: Ball
1-1: Foul Ball, location: 2F
1-2: Strikes out swinging
Pitching: RHP John Jones
Batting: RHB Mark Arnold 0-0: Ball
1-0: Foul Ball, location: 2F
1-1: Swinging Strike
1-2: Hit by Pitch
Batting: RHB Doug O'Brien 0-0: Ball
1-0: Swinging Strike
1-1: Swinging Strike
1-2: Strikes out swinging
Batting: RHB Eugene Payne 0-0: Ball
1-0: Foul Ball, location: 2F
1-1: Ball
2-1: Foul Ball, location: 2F
2-2: Strikes out looking
Top of the 7th over - 0 run(s), 1 hit(s), 1 error(s), 2 left on base; BlackIron 2 - Gainesville 5
BOTTOM OF THE 7TH
Gainesville Guidos batting - Pitching for BlackIron Dragons : RHP Bret McJannett
Batting: LHB Ed Murray 0-0: Called Strike
0-1: Swinging Strike
0-2: Foul Ball, location: 2F
0-2: Foul Ball, location: 2F
0-2: Ball
1-2: Ball
2-2: Ball
3-2: DOUBLE (Flyball, 8RM)
Batting: LHB António Cedeño 0-0: Ball
1-0: Swinging Strike
1-1: Ball
2-1: Foul Ball, location: 2F
2-2: Strikes out looking
Batting: LHB Mark Owens 0-0: Intentional Walk
Batting: RHB Lynn Ford 0-0: Ball
1-0: Called Strike
1-1: Foul Ball, location: 2F
1-2: Ball
2-2: Foul Ball, location: 2F
2-2: Strikes out swinging
Batting: RHB Alfredo Díaz 0-0: Ball
1-0: Called Strike
1-1: Ball
2-1: Foul Ball, location: 2F
2-2: Ball
3-2: Base on Balls
Ed Murray to third
Mark Owens to second
Pinch Hitting: LHB Eddy Jefferson 0-0: Called Strike
0-1: Foul Ball, location: 2F
0-2: Strikes out swinging
Bottom of the 7th over - 0 run(s), 1 hit(s), 0 error(s), 3 left on base; BlackIron 2 - Gainesville 5
TOP OF THE 8TH
BlackIron Dragons batting - Pitching for Gainesville Guidos : RHP John Jones
Now at SS: Júlio Galló
Batting: RHB José Colón 0-0: SINGLE (Groundball, 6MD)
Batting: RHB Boyd Pittman 0-0: Swinging Strike
0-1: Foul Ball, location: 2F
0-2: Strikes out looking
Batting: RHB Gil Palmer 0-0: Called Strike
0-1: Ball
1-1: Swinging Strike
1-2: Fly out, F7 (Flyball, 7LDF)
Pitching: LHP Kelly Henry
Batting: LHB Culley Vaughan 0-0: Ball
1-0: Swinging Strike
1-1: Foul Ball, location: 2F
1-2: Ball
2-2: Strikes out looking
Top of the 8th over - 0 run(s), 1 hit(s), 0 error(s), 1 left on base; BlackIron 2 - Gainesville 5
BOTTOM OF THE 8TH
Gainesville Guidos batting - Pitching for BlackIron Dragons : RHP Bret McJannett
Pitching: LHP Roberto Ontiveros
Batting: RHB Juan Reyes 0-0: Ball
1-0: Ball
2-0: Fly out, F9 (Line Drive, 89M)
Batting: RHB Kyle O'Day 0-0: Foul Ball, location: 2F
0-1: Ball
1-1: Called Strike
1-2: Ball
2-2: Fly out, F8 (Flyball, 8LXD)
Batting: RHB John Little 0-0: Ground out 6-3 (Groundball, 6)
Bottom of the 8th over - 0 run(s), 0 hit(s), 0 error(s), 0 left on base; BlackIron 2 - Gainesville 5
TOP OF THE 9TH
BlackIron Dragons batting - Pitching for Gainesville Guidos : LHP Kelly Henry
Pitching: LHP Mike Scott
Batting: RHB Preston MacLyan 0-0: Ball
1-0: Called Strike
1-1: Foul Ball, location: 2F
1-2: Fly out, F9 (Flyball, 89S)
Batting: RHB Frank Maxwell 0-0: Ball
1-0: Ball
2-0: Called Strike
2-1: Ball
3-1: Swinging Strike
3-2: Strikes out swinging
Batting: RHB Mark Arnold 0-0: Ball
1-0: Foul Ball, location: 2F
1-1: SINGLE (Groundball, 4D)
Batting: RHB Doug O'Brien 0-0: Ball
1-0: Fly out, F7 (Flyball, 78S)
Top of the 9th over - 0 run(s), 1 hit(s), 0 error(s), 1 left on base; BlackIron 2 - Gainesville 5
Monday, December 5th, 2016 - OOTP Baseball 17.12 Build 75